 Dungeon Crawl Stone Soup version 0.31-a0-237-g2d982f9f85 (webtiles) character file.

Game seed: 10107253274902259329

81 qw the Shooter (level 4, -15/36 HPs)
             Began as a Minotaur Hexslinger on July 11, 2023.
             Killed by divine providence
             ... invoked by an orc priest
              (16 damage)
             ... on level 3 of the Dungeon.
             The game lasted 00:00:34 (1289 turns).

qw the Shooter (Minotaur Hexslinger)                Turns: 1289, Time: 00:00:34

Health: -15/36     AC:  5    Str: 12    XL:     4   Next: 19%
Magic:  4/4        EV: 12    Int: 10    God:
Gold:   82         SH:  0    Dex: 15    Spells: 4/5 levels left

rFire   . . .        Y - +1 sling
rCold   . . .        (no shield)
rNeg    . . .        l - +0 leather armour
rPois   .            (helmet restricted)
rElec   .            k - +0 cloak
rCorr   .            j - +0 pair of gloves
SInv    .            (no boots)
Will    .....        (no amulet)
Stlth   +            (no ring)
HPRegen 0.26/turn    (no ring)
MPRegen 0.09/turn

%: no passive effects
@: no status effects
A: horns 2, retaliatory headbutt
a: no special abilities


You were on level 3 of the Dungeon.
You visited 1 branch of the dungeon, and saw 3 of its levels.

You collected 82 gold pieces.


Innate Abilities, Weirdness & Mutations

You have a pair of horns on your head.
You reflexively headbutt those who attack you in melee.


   Skills:
 - Level 2.0 Fighting
 + Level 4.7 Ranged Weapons
 - Level 2.1 Dodging
 - Level 1.0 Spellcasting
 - Level 2.0 Hexes


You had 4 spell levels left.
You knew the following spells:

 Your Spells              Type           Power      Damage    Failure   Level
a - Slow                  Hex            16%        N/A       19%         1

Your spell library contained the following spells:

 Spells                   Type           Power      Damage    Failure   Level
 Inner Flame              Hex/Fire       2%         N/A       65%         3
 Portal Projectile        Hex/Tloc       4%         N/A       65%         3
 Cause Fear               Hex            2%         N/A       88%         4

Inventory:

Hand Weapons
 Y - a +1 sling (weapon)
Armour
 j - a +0 pair of gloves (worn)
 k - a +0 cloak (worn)
 l - a +0 leather armour (worn)
Jewellery
 g - a ring of fire
Scrolls
 a - a scroll of teleportation
 d - a scroll of identify
Potions
 f - a potion of haste
 h - a potion of might {unknown}
 i - a potion of degeneration {unknown}
 m - a potion of curing {unknown}
 n - a potion of invisibility {unknown}

Dungeon Overview and Level Annotations

Branches:
Dungeon (3/15)

Altars:


Message History

The orc shouts! x2; You hear a shout!
The orc wizard shouts!
You hear a shout!
You shoot a sling bullet. The sling bullet hits the orc!
You kill the orc!
The orc wizard points at you and mumbles some strange words.
The magic dart hits you.
You shoot a sling bullet. The sling bullet hits the orc.
The orc is severely wounded.
The orc wizard mumbles some strange words.
The orc wizard flickers and vanishes!
Deactivating autopickup; reactivate with Ctrl-A.
The orc completely misses you.
An orc priest comes into view. It is wielding a +0 short sword.
You shoot a sling bullet. The sling bullet hits the orc.
You kill the orc!
The orc misses you.
The orc priest casts a cantrip, but nothing happens.
The orc misses you.
You shoot a sling bullet. The sling bullet hits the orc priest.
The orc priest is lightly wounded.
The orc barely misses you.
The orc priest hits you but does no damage.
You shoot a sling bullet.
The sling bullet closely misses the orc priest.
The orc hits you from afar with a +0 trident.
The orc priest hits you with a +0 short sword.
You shoot a sling bullet.
The sling bullet barely misses the orc priest.
The orc hits you but does no damage.
The orc priest invokes the aid of Beogh against you.
Beogh smites you!
You shoot a sling bullet. The sling bullet hits the orc priest!
The orc priest is severely wounded.
The orc hits you from afar with a +0 trident.
The orc priest calls down the wrath of Beogh upon you.
Beogh smites you! Something barely misses you.
You hear some strange, mumbled words.
Something tries to affect you, but you resist.
The orc priest mumbles some strange prayers to Beogh against you.
Beogh smites you!
You die...

.. #.# ..$ ...
... #$# #.# #.# #
#...#.# .#
.##^..#.##.####
.....o)o.......
#@...# #.##.#
###.# .# .
#...##.## .
#..#.#.)#.#
#)#.#.#..#.###
...#.#.#.......
#.# #.#.#.......
...###.#<#.......


You could see an orc priest and an orc.

Vanquished Creatures
  2 adders (D:2)
  A worm (D:2)
  3 dart slugs
  2 orcs (D:3)
  5 endoplasms
  3 giant cockroaches
  5 goblins
  5 hobgoblins (D:2)
  A quokka (D:3)
  4 ball pythons
  8 bats
  2 kobolds (D:1)
  7 rats
48 creatures vanquished.

Notes
Turn   | Place    | Note
-------+----------+-------------------------------------------
     0 | D:1      | qw the Minotaur Hexslinger began the quest for the Orb.
     0 | D:1      | Reached XP level 1. HP: 16/16 MP: 1/1
     0 | D:1      | 0 ||| qw: Version: 0.3-a-52-g30416fa
     0 | D:1      | 0 ||| qw: Game counter: 5545
     0 | D:1      | 0 ||| qw: Melee chars always use a shield: true
     0 | D:1      | 0 ||| qw: God list: Okawaru
     0 | D:1      | 0 ||| qw: Allow faded altars: false
     0 | D:1      | 0 ||| qw: Do Orc after clearing Dungeon:15 true
     0 | D:1      | 0 ||| qw: Do second Lair branch before Depths: true
     0 | D:1      | 0 ||| qw: Lair rune preference: random
     0 | D:1      | 0 ||| qw: Goals: Normal
     0 | D:1      | 0 ||| PLANNING D:1-11
   170 | D:1      | Reached skill level 3 in Ranged Weapons
   206 | D:1      | Reached XP level 2. HP: 23/23 MP: 2/2
   226 | D:1      | 226 ||| READING 2 scrolls labelled DOUMAFY GATS.
   227 | D:1      | 227 ||| READING scroll labelled DOASAO WAUNICK.
   231 | D:1      | 231 ||| READING scroll labelled UGHEAR XOCAJ.
   528 | D:1      | 528 ||| DRINKING 2 silvery potions.
   529 | D:1      | 529 ||| READING 2 scrolls of identify.
   529 | D:1      | 529 ||| IDENTIFYING emerald potion
   530 | D:1      | 530 ||| DROPPING scroll of noise.
   531 | D:1      | 531 ||| DROPPING scroll of poison.
   532 | D:1      | 532 ||| DROPPING potion of berserk rage.
   617 | D:2      | Reached XP level 3. HP: 22/29 MP: 3/3
   680 | D:2      | Found a faded altar of an unknown god.
   683 | D:2      | Identified the +4 whip of Kolaimixt {holy, Will+++ Dex+2}
   697 | D:2      | Reached skill level 4 in Ranged Weapons
   967 | D:2      | 967 ||| FLEEEEING.
   968 | D:2      | 968 ||| FLEEEEING.
   969 | D:2      | 969 ||| FLEEEEING.
   970 | D:2      | 970 ||| FLEEEEING.
   971 | D:2      | 971 ||| FLEEEEING.
  1059 | D:2      | Reached XP level 4. HP: 36/36 MP: 4/4
  1223 | D:2      | 1223 ||| UPGRADING to +0 pair of gloves.
  1228 | D:2      | 1228 ||| UPGRADING to +0 cloak.
  1233 | D:2      | 1233 ||| UPGRADING to +0 leather armour.
  1243 | D:2      | 1243 ||| DROPPING +0 robe.
  1244 | D:2      | 1244 ||| READING 2 scrolls labelled RASIMO LAROGAULA.
  1245 | D:2      | 1245 ||| READING 2 scrolls of identify.
  1245 | D:2      | 1245 ||| IDENTIFYING amethyst potion
  1246 | D:2      | 1246 ||| DROPPING scroll of immolation.
  1247 | D:2      | 1247 ||| DROPPING potion of attraction.
  1289 | D:3      | HP: 1/36 [orc priest/divine providence (9)]
  1289 | D:3      | Killed from afar by an orc priest

Levels and vault maps discovered:
D:1:      dpeg_chamrin_arrival_tetris, layout_rooms,
          minmay_misc_feat_nine_boxes, minmay_tromino_v7
D:2:      layout_basic, ebering_ecumenical_altar_box, dk_vineyard_3
D:3:      layout_basic, marbit_many_paths, serial_rivers,
          chequers_serial_rivers_small_3, chequers_serial_rivers_small_a,
          chequers_serial_rivers_large_a, chequers_serial_rivers_micro_e,
          minmay_misc_feat_ornament, kennysheep_donut, uniq_ijyb

Skill      XL: |  1  2  3 |
---------------+----------+-----
Ranged Weapons | 3 4 |  4.7
Fighting       | 2 |  2.0
Dodging        | |  2.1
Spellcasting   | |  1.0
Hexes          | |  2.0

Action                     |  1- 3 |  4- 6 || total
---------------------------+-------+-------++-------
   Fire: Sling             |    79 |    16 ||    95
    Use: Scroll            |     4 |     2 ||     6
         Potion            |     1 |       ||     1
 Armour: Robe              |     3 |       ||     3
         Leather armour    |       |     2 ||     2
  Dodge: Dodged            |    16 |     6 ||    22

Table legend:
 A = Non-vault XP
 B = Vault XP
 C = Vault XP percentage of total XP
 D = Non-vault monster count
 E = Vault monster count
 F = Vault count percentage of total count
                 A         B        C        D         E       F
            +---------+---------+-------+---------+---------+-------
      Total |     110 |       6 |   5.2 |      44 |       4 |   8.3
            +---------+---------+-------+---------+---------+-------
        D:1 |      22 |       6 |  21.4 |      13 |       4 |  23.5
        D:2 |      75 |       0 |   0.0 |      25 |       0 |   0.0
        D:3 |      13 |       0 |   0.0 |       6 |       0 |   0.0
            +---------+---------+-------+---------+---------+-------
